 Dungeon Sprint DCSS version 0.22-a0-392-g5dc3fd9af9 (webtiles) character file.

390 Cashmere the Basher (level 6, -16/40 HPs)
             Began as a Gargoyle Fighter on May 1, 2018.
             Was a Believer of Qazlal.
             Demolished by a two-headed ogre
             ... wielding a +0 giant club
              (18 damage)
             ... in the Dungeon (Sprint IX: "|||||||||||||||||||||||||||||").
             The game lasted 00:01:14 (451 turns).

Cashmere the Basher (Gargoyle Fighter)               Turns: 451, Time: 00:01:15

Health: -16/40     AC: 16    Str: 22    XL:     6   Next: 80%
Magic:  8/9        EV:  8    Int: 11    God:    Qazlal [**....]
Gold:   0          SH: 13    Dex:  9    Spells: 5/5 levels left

rFire    . . .     SeeInvis .   a - +0 flail
rCold    . . .     Gourm    .   c - +0 shield
rNeg     + . .     Faith    .   p - +1 chain mail
rPois    ∞         Spirit   .   (no helmet)
rElec    +         Reflect  .   (no cloak)
rCorr    .         Harm     .   (no gloves)
MR       .....     NoTele   +   o - +0 pair of boots
Stlth    ..........             (no amulet)
HPRegen  0.13/turn              r - +2 ring of evasion
MPRegen  0.11/turn              q - +3 ring of intelligence

@: very slightly contaminated, invisible
A: negative energy resistance 1, electricity resistance, unbreathing,
petrification resistance, rot immunity, AC +4
a: Upheaval, Renounce Religion


You were in the Dungeon.
You worshipped Qazlal.
Qazlal was pleased with you.
You were not hungry.

You visited 1 branch

Inventory:

Hand Weapons
 a - a +0 flail (weapon)
Armour
 c - a +0 shield (worn)
 o - a +0 pair of boots (worn)
 p - a +1 chain mail (worn)
Jewellery
 q - a +3 ring of intelligence (right hand)
 r - a +2 ring of evasion (left hand)
Wands
 n - a wand of iceblast (10)
Scrolls
 k - 2 scrolls of blinking
 l - 3 scrolls of remove curse
 m - 2 scrolls of amnesia
Potions
 e - 5 potions of curing
 g - a potion of heal wounds
 h - a potion of haste
 i - 4 potions of magic
Comestibles
 f - a ration


   Skills:
 + Level 5.5 Fighting
 + Level 10.5 Maces & Flails
 + Level 5.9 Armour
 + Level 1.3 Dodging
 + Level 6.5 Shields
 * Level 5.0 Invocations


You had 5 spell levels left.
You didn't know any spells.

Dungeon Overview and Level Annotations

Branches:
Dungeon (1/1)

Altars:
Cheibriados
Dithmenos
Elyvilon
Fedhas
Gozag
Hepliaklqana
Kikubaaqudgha
Makhleb
Nemelex Xobeh
Okawaru
Qazlal
Ru
Sif Muna
Trog
Uskayaw
Vehumet
Wu Jian
Xom
Yredelemnul
Zin
The Shining One
Beogh
Jiyva
Lugonu


Innate Abilities, Weirdness & Mutations

You are resistant to torment.
Your stone body is resilient. (AC +4)
You are immune to poison.
You resist negative energy. (rN+)
You are resistant to electric shocks. (rElec)
You can survive without breathing.
You are immune to petrification.
You are immune to rotting.


Message History

The two-headed ogre hits you with a giant club.
* * * LOW HITPOINT WARNING * * *
You fade into invisibility!
You are very lightly contaminated with residual magic.
You strike the helpless two-headed ogre from behind!
You sock the two-headed ogre!
The two-headed ogre is heavily wounded.
You block the two-headed ogre's attack. The two-headed ogre closely misses you.
You hit the two-headed ogre but do no damage.
The two-headed ogre is heavily wounded.
The worker ant waves its antennae.
The two-headed ogre hits you but does no damage.
The two-headed ogre closely misses you.
You strike the helpless two-headed ogre from behind!
You hit the two-headed ogre.
The two-headed ogre is heavily wounded.
The two-headed ogre hits you with a giant club!
* * * LOW HITPOINT WARNING * * *
The two-headed ogre hits you with a giant club!!
You die...

▓.▓
▓(▓
▓(▓
▓)▓
▓.▓
▓.▓
▓.▓
▓.▓
▓@▓
▓O▓
▓l▓
▓Z▓
▓Z▓
▓a▓
▓5▓
▓.▓


You could see a two-headed ogre, a komodo dragon, a worker ant, a shadow imp, a
leopard gecko zombie and a jackal skeleton.

Vanquished Creatures
  A vampire (D)
  2 orc warriors (D)
  A centaur (D)
  A jelly (D)
  An orc wizard (D)
  A worker ant (D)
  2 adders (D)
  An orc (D)
  A giant cockroach (D)
  A hobgoblin (D)
  A ball python zombie (D)
  2 bats (D)
  A goblin (D)
16 creatures vanquished.

Notes
Turn   | Place    | Note
-------+----------+-------------------------------------------
     0 | D        | Cashmere the Gargoyle Fighter began the quest for the Orb.
     0 | D        | Reached XP level 1. HP: 14/14 MP: 1/1
     8 | D        | Reached skill level 3 in Maces & Flails
    18 | D        | Reached skill level 4 in Maces & Flails
    76 | D        | Noticed a worker ant
    76 | D        | Noticed a jelly
    76 | D        | Noticed an orc wizard
    81 | D        | Reached XP level 2. HP: 19/19 MP: 2/2
    89 | D        | Reached skill level 6 in Maces & Flails
    89 | D        | Reached XP level 3. HP: 23/23 MP: 3/3
    93 | D        | Reached skill level 7 in Maces & Flails
    93 | D        | Reached XP level 4. HP: 28/28 MP: 4/4
   115 | D        | Reached skill level 8 in Maces & Flails
   135 | D        | Found a roughly hewn altar of Beogh.
   135 | D        | Found a snail-covered altar of Cheibriados.
   135 | D        | Found a shadowy altar of Dithmenos.
   135 | D        | Found a white marble altar of Elyvilon.
   135 | D        | Found a blossoming altar of Fedhas.
   135 | D        | Found an opulent altar of Gozag.
   136 | D        | Found a hazy altar of Hepliaklqana.
   137 | D        | Found a viscous altar of Jiyva.
   138 | D        | Found an ancient bone altar of Kikubaaqudgha.
   139 | D        | Found a corrupted altar of Lugonu.
   140 | D        | Found a burning altar of Makhleb.
   141 | D        | Found a sparkling altar of Nemelex Xobeh.
   142 | D        | Found an iron altar of Okawaru.
   143 | D        | Found a stormy altar of Qazlal.
   144 | D        | Found a sacrificial altar of Ru.
   145 | D        | Found a deep blue altar of Sif Muna.
   146 | D        | Found a bloodstained altar of Trog.
   147 | D        | Found a hide-covered altar of Uskayaw.
   148 | D        | Found a radiant altar of Vehumet.
   149 | D        | Found an ornate altar of the Wu Jian Council.
   150 | D        | Found a shimmering altar of Xom.
   151 | D        | Found a basalt altar of Yredelemnul.
   152 | D        | Found a glowing silver altar of Zin.
   153 | D        | Found a glowing golden altar of the Shining One.
   157 | D        | Became a worshipper of Qazlal Stormbringer
   398 | D        | Noticed an orc warrior
   398 | D        | Noticed a vampire
   398 | D        | Noticed a centaur
   398 | D        | Noticed an orc warrior
   404 | D        | Reached skill level 1 in Invocations
   411 | D        | Killed an orc warrior
   411 | D        | Reached * piety under Qazlal
   411 | D        | Reached skill level 9 in Maces & Flails
   411 | D        | Reached skill level 5 in Shields
   411 | D        | Reached XP level 5. HP: 34/34 MP: 4/7
   422 | D        | Killed a vampire
   427 | D        | Killed a centaur
   427 | D        | Reached skill level 5 in Fighting
   427 | D        | Reached skill level 10 in Maces & Flails
   427 | D        | Reached skill level 5 in Armour
   427 | D        | Reached skill level 1 in Dodging
   427 | D        | Reached XP level 6. HP: 32/40 MP: 5/9
   434 | D        | Killed an orc warrior
   434 | D        | Reached ** piety under Qazlal
   434 | D        | Reached skill level 5 in Invocations
   441 | D        | Noticed a two-headed ogre
   441 | D        | Noticed a komodo dragon
   451 | D        | HP: 2/40 [two-headed ogre/giant club (7)]
   451 | D        | Demolished by a two-headed ogre

Vault maps used:
D:        linesprint

Skill      XL: |  1  2  3  4  5  6 |
---------------+-------------------+-----
Maces & Flails | 4 6 7 9 10 | 10.5
Invocations    | 3 4 5 |  5.0
Fighting       | 4 5 |  5.5
Armour         | 4 5 |  5.9
Shields        | 5 6 |  6.5
Dodging        | 1 |  1.3

Action                   |  1- 3 |  4- 6 || total
-------------------------+-------+-------++-------
Melee: Flail             |    30 |    63 ||    93
  Use: Potion            |     1 |     4 ||     5
 Stab: Invisible         |       |     2 ||     2
Armor: Scale mail        |     9 |    19 ||    28
       Chain mail        |       |    14 ||    14
Dodge: Dodged            |    13 |    12 ||    25
Block: Shield            |     9 |    32 ||    41

Table legend:
 A = Spawn XP
 B = Non-spawn XP
 C = Spawn XP percentage of total XP
 D = Spawn monster count
 E = Non-spawn monster count
 F = Spawn count percentage of total count
 G = Total turns spent on level
                    A         B        C        D         E        F      G
               +---------+---------+-------+---------+---------+-------+---------
         Total |       0 |     558 |   0.0 |       0 |      16 |   0.0 |   451
               +---------+---------+-------+---------+---------+-------+---------
             D |       0 |     558 |   0.0 |       0 |      16 |   0.0 |   451
               +---------+---------+-------+---------+---------+-------+---------
